 Dungeon Crawl Stone Soup version 0.17-a0-1446-gc28613e (webtiles) character file.

373 mrath the Charmwright (level 6, 0/41 HPs)
             Began as a High Elf Skald on June 28, 2015.
             Slain by an iguana (8 damage)
             ... on level 4 of the Dungeon.
             The game lasted 01:10:47 (4851 turns).

mrath the Charmwright (High Elf Skald)              Turns: 4851, Time: 01:10:47

Health: 0/41       AC:  7    Str: 11    XL:     6   Next: 43%
Magic:  8/12       EV: 11    Int: 16    God:
Gold:   189        SH:  0    Dex: 17    Spells: 5 memorised, 1 level left

rFire  . . .     SeeInvis .     a - +0 falchion
rCold  . . .     Clarity  .     i - +1 ring mail
rNeg   . . .     SustAt   .     (no shield)
rPois  .         Gourm    .     (no helmet)
rElec  .         Spirit   .     (no cloak)
rCorr  .         Warding  .     k - +0 pair of gloves
rMut   .         Stasis   .     (no boots)
MR     .....                    (no amulet)
Stlth  +.........               (no ring)
                                (no ring)

@: infused, hasted, very quick, not resistant to hostile enchantments, very
unstealthy
A: no striking features
a: no special abilities


You were on level 4 of the Dungeon.
You were not hungry.

You visited 1 branch of the dungeon, and saw 4 of its levels.

You collected 189 gold pieces.

Inventory:

Hand weapons
 a - a +0 falchion (weapon)
 n - a +0 whip
 o - a cursed -2 whip
 q - a +2 dagger of draining
 s - a +0 hunting sling
 y - a cursed -1 blowgun
Missiles
 f - 76 arrows
 h - 78 stones (quivered)
 w - 9 poisoned needles
 x - 16 sling bullets
Armour
 b - a +0 leather armour
 i - a +1 ring mail (worn)
 j - a cursed +0 plate armour
 k - a +0 pair of gloves (worn)
Scrolls
 g - 2 scrolls of magic mapping
 p - 2 scrolls of remove curse
Potions
 e - 2 potions of agility
 m - a potion of curing {unknown}
 t - a potion of cure mutation {unknown}
 u - 2 potions of haste
 v - a potion of might {unknown}
 z - a potion of degeneration {unknown}
Books
 c - a book of Battle

   Spells                             Type                      Level
   a - Infusion                       Charms                       1
   b - Shroud of Golubria             Charms/Translocation         2
   c - Song of Slaying                Charms                       2
   d - Spectral Weapon                Hexes/Charms                 3
   e - Regeneration                   Charms/Necromancy            3
Comestibles
 d - a bread ration
 l - 7 fruits
 r - 3 chunks of flesh


   Skills:
 + Level 2.8 Fighting
 + Level 3.7 Long Blades
 + Level 1.2(1.5) Slings
 + Level 1.6(2.1) Throwing
 + Level 2.1 Armour
 + Level 2.7 Dodging
 + Level 0.5 Stealth
 + Level 3.6 Spellcasting
 + Level 4.8 Charms
 + Level 0.2 Translocations


You had one spell level left.
You knew the following spells:

 Your Spells              Type           Power        Failure   Level  Hunger
a - Infusion              Chrm           ###...       8%          1    None
b - Shroud of Golubria    Chrm/Tloc      ##........   28%         2    ##.....
c - Song of Slaying       Chrm           ###.....     12%         2    ##.....
d - Spectral Weapon       Hex/Chrm       ##......     54%         3    ###....
e - Regeneration          Chrm/Necr      ##........   54%         3    ###....


Dungeon Overview and Level Annotations

Branches:
Dungeon (4/15)
 Temple: D:4-7

Altars:
Ru
Yredelemnul


Message History

Space distorts slightly along a thin shroud covering your body.
The iguana misses you.
You hit the iguana.
The iguana is heavily wounded.
The iguana barely misses you.
Your ring mail prevents you from hitting the iguana.
The iguana is heavily wounded.
The iguana bites you.
* * * LOW HITPOINT WARNING * * *
You closely miss the iguana.
The iguana is heavily wounded.
The iguana closely misses you.
You closely miss the iguana.
The iguana is heavily wounded.
The iguana bites you.
* * * LOW HITPOINT WARNING * * *
Your shroud falls apart!
The iguana bites you but does no damage.
It was a potion of haste.
You feel yourself speed up. The iguana bites you!
You die...

##.......#
#.#######.#.. .##
#... .# #...# ## .#
#.### .### . .##
##.# .(.##.. #.###
##..# ....=..
##..###...#
###.......
##.......######@l..#
##...##..##...##..#
## #..####....###
#.# ..##.## #..###
#.# #....# ###.##
... ##...###...# ###
#..##.###### #####.#
###


You could see an iguana.

Vanquished Creatures
  A giant frog skeleton (D:4)
  An orc wizard (D:2)
  A hound (D:3)
  2 orc priests (D:3)
  2 worker ants
  7 adders
  2 oozes
  2 adder skeletons (D:3)
  A worm (D:2)
  3 giant geckos
  8 orcs
  8 bats
  2 bat skeletons (D:3)
  2 bat zombies (D:3)
  2 giant cockroaches (D:3)
  8 hobgoblins
  3 jackals (D:1)
  2 quokkas (D:2)
  A giant gecko zombie (D:3)
  3 giant newts
  8 goblins
  16 kobolds
  A quokka skeleton (D:3)
  A quokka zombie (D:4)
  11 rats
  A spectral orc (D:2)
99 creatures vanquished.

Notes
Turn   | Place    | Note
--------------------------------------------------------------
     0 | D:1      | mrath the High Elf Skald began the quest for the Orb.
     0 | D:1      | Reached XP level 1. HP: 14/14 MP: 4/4
   475 | D:1      | Reached skill level 4 in Charms
   475 | D:1      | Reached XP level 2. HP: 19/19 MP: 1/6
   525 | D:1      | Learned a level 2 spell: Shroud of Golubria
   528 | D:1      | Learned a level 2 spell: Song of Slaying
   692 | D:1      | Reached skill level 1 in Armour
   995 | D:1      | Reached XP level 3. HP: 24/24 MP: 8/8
  1507 | D:2      | Found a sacrificial altar of Ru.
  1525 | D:2      | Reached skill level 1 in Throwing
  1538 | D:2      | Reached XP level 4. HP: 20/29 MP: 4/9
  1817 | D:2      | Found a basalt altar of Yredelemnul.
  2494 | D:3      | Reached XP level 5. HP: 21/35 MP: 5/11
  3175 | D:3      | Reached skill level 1 in Slings
  3365 | D:3      | Reached XP level 6. HP: 41/41 MP: 10/12
  4792 | D:4      | Learned a level 3 spell: Spectral Weapon
  4796 | D:4      | Learned a level 3 spell: Regeneration
  4851 | D:4      | Slain by an iguana

Vault maps used:
D:1:      dpeg_arrival_arbitrary_c, st_stairs_8, minmay_misc_feat_columns,
          grunt_decor_cap
D:2:      nicolae_ru_great_annihilating_truth,
          yredelemnul_forgotten_temple_becter, kennysheep_minor_cross,
          kennysheep_nondescript
D:3:      first_bread, serial_undead, serial_undead_b, serial_undead_d,
          serial_undead_d, serial_undead_a, serial_bayou_pond_a
D:4:      kennysheep_mini_moat, fedhas_altar_4

Action                   |  1- 3 |  4- 6 || total
-------------------------+-------+-------++-------
Melee: Falchion          |    97 |   186 ||   283
 Fire: Hunting sling     |       |    61 ||    61
Throw: Stone             |    54 |    37 ||    91
 Cast: Infusion          |    11 |    21 ||    32
       Shroud of Golubri |     1 |     5 ||     6
       Song of Slaying   |       |     1 ||     1
  Use: Scroll            |     7 |     5 ||    12
       Potion            |       |     1 ||     1
 Stab: Paralysed         |       |     1 ||     1
  Eat: Bread ration      |     1 |     1 ||     2
       Chunk             |       |     4 ||     4
       Royal jelly       |       |     1 ||     1
